 Dungeon Crawl Stone Soup version 0.24-a0-139-geb6712d (console) character file.

Game seed: 5315094028634122012

4384 Duffy the Cleaver (level 10, 0/90 (91) HPs)
             Began as a Naga Gladiator on Mar 3, 2019.
             Was a Believer of the Shining One.
             Slain by a blink frog (10 damage)
             ... on level 1 of the Lair of Beasts.
             The game lasted 00:10:37 (10797 turns).

Duffy the Cleaver (Naga Gladiator)                 Turns: 10797, Time: 00:10:38

HP:   0/90 (91)     AC: 10    Str: 17    XL:     10   Next: 35%
MP:   13/13         EV: 10    Int: 11    God:    the Shining One [**....]
Gold: 487           SH:  0    Dex: 13    Spells: 9/9 levels left

rFire    . . .     SeeInvis +   A - +2 war axe (elec)
rCold    . . .     Gourm    +   (no shield)
rNeg     + . .     Faith    .   r - +0 scale mail
rPois    +         Spirit   .   c - +0 helmet
rElec    .         Reflect  .   e - +0 cloak
rCorr    +         Harm     .   (no gloves)
MR       +....                  (no barding)
Stlth    ..........             J - amulet of the gourmand
HPRegen  0.25/turn              w - ring of resist corrosion
MPRegen  0.13/turn              C - ring of resist corrosion

@: glowing, very slow
A: large, see invisible, deformed body, poison resistance, slowness 2, slow
metabolism 1, spit poison 1, AC +3
a: Spit Poison, Divine Shield, Renounce Religion


You were on level 1 of the Lair of Beasts.
You worshipped the Shining One.
The Shining One was pleased with you.
You were very full.

You visited 3 branches of the dungeon, and saw 11 of its levels.

You collected 487 gold pieces.

Inventory:

Hand Weapons
 a - a +0 war axe
 q - a +1 hand axe of freezing
 y - the +7 mace of Skirmishing {venom, rElec rC- rN++ Stlth+}
   (You took it off an orc on level 5 of the Dungeon)

   It poisons the flesh of those it strikes.
   It makes you vulnerable to cold.
   It insulates you from electricity.
   It greatly protects you from negative energy.
   It makes you more stealthy.
 A - a +2 war axe of electrocution (weapon)
 F - a +0 broad axe
Missiles
 d - 5 throwing nets (quivered)
Armour
 b - a +0 leather armour
 c - a +0 helmet (worn)
 e - a +0 cloak (worn)
 m - a +0 ring mail
 r - a +0 scale mail (worn)
 G - a +0 chain mail
 L - a +0 ring mail
Jewellery
 w - a ring of resist corrosion (left hand)
 x - an uncursed ring of poison resistance
 B - an uncursed amulet of rage
 C - a ring of resist corrosion (right hand)
 I - an uncursed ring of see invisible
 J - an amulet of the gourmand (around neck)
Wands
 u - a wand of flame (10)
Scrolls
 g - a scroll of fear
 h - 4 scrolls of blinking
 i - 4 scrolls of remove curse
 j - 5 scrolls of teleportation
 k - 3 scrolls of magic mapping
 o - 2 scrolls of random uselessness
 p - 4 scrolls of fog
 v - a scroll of enchant armour
 H - a scroll of enchant weapon
 M - 2 scrolls of identify
Potions
 l - 2 potions of flight {unknown}
 n - 4 potions of curing {unknown}
 s - 3 potions of brilliance {unknown}
 t - 5 potions of heal wounds {unknown}
 z - a potion of agility {unknown}
 D - a potion of degeneration {unknown}
 E - 3 potions of lignification {unknown}
 K - a potion of cancellation {unknown}
Comestibles
 f - 15 rations


   Skills:
 + Level 6.1 Fighting
 - Level 10.0 Axes
 - Level 1.7 Throwing
 + Level 4.7 Armour
 + Level 5.4 Dodging
 - Level 5.0 Evocations


You had 9 spell levels left.
You didn't know any spells.
Your spell library contained the following spells:

 Spells                   Type           Power        Failure   Level  Hunger
 Animate Skeleton         Necr           N/A          75%         1    ##.....
 Apportation              Tloc           #.....       75%         1    ##.....
 Confusing Touch          Hex            #.....       75%         1    ##.....
 Corona                   Hex            #......      75%         1    ##.....
 Summon Small Mammal      Summ           #...         75%         1    ##.....
 Ensorcelled Hibernation  Hex/Ice        #.....       86%         2    ###....
 Confuse                  Hex            #.......     98%         3    ####...
 Dazzling Spray           Conj/Hex       #.....       98%         3    ####...
 Tukima's Dance           Hex            #.......     98%         3    ####...


Dungeon Overview and Level Annotations

Branches:
Dungeon (9/15)             Temple (1/1) D:6            Lair (1/6) D:8
    Orc: D:9-12

Altars:
Ashenzari
Cheibriados
Dithmenos
Elyvilon
Fedhas
Gozag
Hepliaklqana
Kikubaaqudgha
Makhleb
Nemelex Xobeh
Okawaru
Qazlal
Ru
Sif Muna
Trog
Uskayaw
Vehumet
Wu Jian
Xom
Yredelemnul
Zin
The Shining One

Shops:
D:4 %

Annotations:
D:9 Erolcha


Innate Abilities, Weirdness & Mutations

You cannot wear boots.
Your serpentine skin is tough. (AC +3)
You have supernaturally acute eyesight. (SInv)
Armour fits poorly on your strangely shaped body.
Your system is resistant to poisons. (rPois)
You cover ground very slowly.
You have a slow metabolism.
You can spit poison.


Message History

The yak is moderately wounded.
The yak barely misses you.
You hit the yak.
The yak is moderately wounded.
The yak gores you!
A yak comes into view.
You slash the yak! Lightning courses through the yak!
The yak is almost dead.
The yak gores you!
You slash the yak! Lightning courses through the yak!
You kill the yak!
The blink frog blinks! x2
You hit the blink frog.
Lightning courses through the blink frog!
The blink frog is heavily wounded.
The blink frog blinks!
The blink frog hits you.
The blink frog blinks!
You slash the blink frog!
The blink frog is almost dead.
You barely miss the blink frog.
The blink frog blinks!
The blink frog hits you!
You die...

,,,,,,,,,,** ####...,.##,,,,,,,,,,
},,>,,},,,* #P#...##..#,,,,,,,,,,
,,,,,,,,*** ##.......0.*,,,,,,,,,,
,,,},,,,* *........#,**,*,,*,*,,
*,,,,,,** *,..YY...#,****,,,,*,,
*,*,,*** **,.FY..**,* **,,*,,,
**,,,** **#FY#,*,,** *,,,,*,,
*,,,,,* ######F#*,.*,,* **,*,,,,
,},>,}* ####.#~##@##.#*,** ***,,,,
*,,,,,* #....~.~0..#.#*.# **,,,,
**,},,* #...~~~~~~...##.# **,,,,,
####** #..~~~~~~~~.....# **,,,,,,
#..# ###..~~~~~~~~~~...# **,,*,*,,
##..# #.#..~~~..~~~~....##*,,,**,,,
#...##*#..~~F~~<.~~~~.....,,****,,,
##...###..~~~~~~.~~~......,,***,,**
#...###....~~~~~~~~~.#%...,,*,,,**


You could see 4 yaks and 4 blink frogs.

Vanquished Creatures
  A komodo dragon (Lair:1)
  A troll (D:8)
  Grinder (D:6)
  A spriggan (D:7)
  A yak (Lair:1)
  2 orc warriors
  A phantom (D:6)
  4 ice beasts
  A necrophage (D:7)
  A hornet zombie (D:8)
  5 centaurs
  A wolf (D:9)
  2 ogres
  3 bullfrogs
  3 scorpions
  A wyvern skeleton (D:8)
  5 killer bees (D:9)
  A howler monkey (D:5)
  2 crimson imps
  2 hounds (D:6)
  A jelly (D:5)
  5 orc priests
  2 centaur skeletons
  Terence (D:3)
  A bullfrog skeleton (D:5)
  3 iguanas
  11 orc wizards
  6 worker ants
  A hound zombie (D:8)
  A worker ant zombie (D:7)
  4 gnolls (D:3)
  6 adders
  4 shadow imps
  3 white imps (D:9)
  An ufetubus (D:9)
  2 oozes
  An adder zombie (D:5)
  2 worms
  An adder simulacrum (D:9)
  4 leopard geckos
  48 orcs
  4 bats
  9 giant cockroaches
  10 hobgoblins
  6 jackals
  3 quokkas
  2 ball pythons
  3 frilled lizards
  9 goblins
  7 kobolds
  A leopard gecko zombie (D:5)
  A quokka zombie (D:8)
  8 rats
  5 fungi (D:8)
215 creatures vanquished.

Vanquished Creatures (others)
  A fungus (Lair:1)
  A plant (Lair:1)
2 creatures vanquished.

Grand Total: 217 creatures vanquished

Notes
Turn   | Place    | Note
-------+----------+-------------------------------------------
     0 | D:1      | Duffy the Naga Gladiator began the quest for the Orb.
     0 | D:1      | Reached XP level 1. HP: 19/19 MP: 1/1
   144 | D:1      | Reached XP level 2. HP: 18/26 MP: 2/2
   556 | D:1      | Reached skill level 4 in Axes
   641 | D:1      | Reached XP level 3. HP: 21/32 MP: 3/3
  1191 | D:2      | Found a deep blue altar of Sif Muna.
  1191 | D:2      | Found a shadowy altar of Dithmenos.
  1191 | D:2      | Found an iron altar of Okawaru.
  1192 | D:2      | Found a burning altar of Makhleb.
  1411 | D:2      | Reached XP level 4. HP: 37/39 MP: 4/4
  1860 | D:2      | Reached skill level 5 in Axes
  2221 | D:3      | Noticed Terence
  2229 | D:3      | Killed Terence
  2348 | D:3      | Reached XP level 5. HP: 23/45 MP: 5/5
  2696 | D:3      | Reached skill level 6 in Axes
  3256 | D:3      | Found a bloodstained altar of Trog.
  3601 | D:3      | Reached XP level 6. HP: 52/52 MP: 6/6
  3894 | D:4      | Found Getosain's Food Emporium.
  3895 | D:4      | Found a radiant altar of Vehumet.
  4343 | D:4      | Reached skill level 7 in Axes
  4790 | D:4      | Reached XP level 7. HP: 44/60 MP: 7/7
  5035 | D:4      | Reached skill level 8 in Axes
  5340 | D:4      | Found a hazy altar of Hepliaklqana.
  5581 | D:5      | Entered Level 5 of the Dungeon
  5634 | D:5      | Found a glowing silver altar of Zin.
  6171 | D:5      | Reached skill level 9 in Axes
  6240 | D:5      | Identified the +7 mace of Skirmishing {venom, rElec rC-
                  | rN++ Stlth+}
  6515 | D:4      | Reached XP level 8. HP: 67/67 MP: 8/8
  6786 | D:5      | Reached skill level 1 in Evocations
  7383 | D:6      | Reached skill level 10 in Axes
  7534 | D:6      | Found a staircase to the Ecumenical Temple.
  7536 | D:6      | Noticed Grinder
  7542 | Temple   | Entered the Ecumenical Temple
  7742 | Temple   | Became a worshipper of the Shining One
  7771 | D:6      | Killed Grinder
  7771 | D:6      | Reached skill level 1 in Armour
  8029 | D:7      | Reached XP level 9. HP: 74/75 MP: 11/11
  8143 | D:7      | Found a deep blue altar of Sif Muna.
  8309 | D:7      | You fall through a shaft for 2 floors!
  8759 | D:9      | Reached * piety under the Shining One
  8834 | D:8      | Noticed a troll
  8848 | D:8      | Killed a troll
  8940 | D:8      | Reached skill level 5 in Evocations
  9044 | D:8      | Found a stormy altar of Qazlal.
  9529 | D:7      | Found an ornate altar of the Wu Jian Council.
  9539 | D:7      | Reached skill level 5 in Fighting
  9568 | D:7      | Found a bloodstained altar of Trog.
  9605 | D:7      | Reached XP level 10. HP: 87/87 MP: 13/13
 10178 | D:8      | Found a staircase to the Lair.
 10194 | D:8      | Reached ** piety under the Shining One
 10200 | D:8      | Reached skill level 5 in Dodging
 10631 | D:9      | Noticed Erolcha
 10691 | Lair:1   | Entered Level 1 of the Lair of Beasts
 10797 | Lair:1   | Slain by a blink frog

Levels and vault maps discovered:
D:1:      erik_arrival_triangle_small, layout_rooms, corexii_corridor_pit
D:2:      layout_loops_ring, chequers_temple_overflow_statue_of_worship,
          small_statue_intersection
D:3:      wad_crossroads, layout_loops_ring, lemuel_round_altar, uniq_terence
D:4:      layout_gridville, lemuel_crystal_altar, lemuel_round_altar,
          serial_shops, shop
D:5:      layout_basic, old_standard_altar, first_ration,
          chequers_serial_rivers_micro_a
D:6:      layout_gridville, minmay_temple_entry_mist, uniq_grinder
D:7:      layout_cave_pods, overflow_temple_1_default, basic_altar,
          serial_column_ruins, column_ruins_hut_pillars, column_ruins_hut,
          column_ruins_open_small, column_ruins_open_tiny,
          column_ruins_open_medium, column_ruins_open_tiny,
          column_ruins_open_small, chequers_serial_rivers_micro_b, the_bakery,
          serial_bayou_pond_c, bloody_trog
D:8:      layout_gridville, dpeg_oklobed_lair, nicolae_qazlal_style_of_elements
D:9:      layout_rooms, gammafunk_ghost_cemetery, serial_ice, serial_ice_c,
          serial_ice_n, serial_ice_i, serial_ice_b, serial_ice_g, serial_ice_m,
          serial_ice_a, serial_ice_h, serial_ice_o, serial_ice_d, uniq_erolcha
Temple:   nicolae_temple_figure_eight
Lair:1:   layout_layer_cave, gauntlet_entry_generic, lemuel_fruit_fields,
          grunt_megastairs_3, infiniplex_staircase_pool_2, uniq_nergalle

Skill      XL: |  1  2  3  4  5  6  7  8  9 10 |
---------------+-------------------------------+-----
Axes           | 4 5 6 7 9 10 | 10.0
Evocations     | 3 5 |  5.0
Armour         | 1 3 4 |  4.7
Dodging        | 3 4 5 |  5.4
Fighting       | 3 5 6 |  6.1
Throwing       | |  1.7

Action                   |  1- 3 |  4- 6 |  7- 9 | 10-12 || total
-------------------------+-------+-------+-------+-------++-------
Melee: War axe           |    85 |   195 |   273 |    53 ||   606
 Abil: Spit Poison       |     1 |     4 |    16 |       ||    21
Evoke: Wand              |       |     3 |       |       ||     3
  Use: Scroll            |       |     5 |     6 |     2 ||    13
  Eat: Chunk             |     1 |     8 |    23 |     2 ||    34
Armor: Leather armour    |    32 |     9 |       |       ||    41
       Scale mail        |       |    69 |    62 |     1 ||   132
       Ring mail         |       |     3 |       |       ||     3
       Chain mail        |       |       |    61 |    13 ||    74
Dodge: Dodged            |    54 |    93 |   102 |    16 ||   265

Table legend:
 A = Non-vault XP
 B = Vault XP
 C = Vault XP percentage of total XP
 D = Non-vault monster count
 E = Vault monster count
 F = Vault count percentage of total count
                 A         B        C        D         E       F
            +---------+---------+-------+---------+---------+-------
      Total |    5294 |     969 |  15.5 |     196 |      14 |   6.7
            +---------+---------+-------+---------+---------+-------
        D:1 |      37 |       0 |   0.0 |      21 |       0 |   0.0
        D:2 |      70 |       0 |   0.0 |      23 |       0 |   0.0
        D:3 |     172 |      43 |  20.0 |      32 |       4 |  11.1
        D:4 |     597 |       0 |   0.0 |      23 |       0 |   0.0
        D:5 |     699 |       0 |   0.0 |      24 |       0 |   0.0
        D:6 |     414 |     290 |  41.2 |      10 |       1 |   9.1
        D:7 |     768 |     220 |  22.3 |      24 |       1 |   4.0
        D:8 |    1207 |       0 |   0.0 |      26 |       0 |   0.0
        D:9 |     738 |     416 |  36.0 |      11 |       8 |  42.1
     Lair:1 |     592 |       0 |   0.0 |       2 |       0 |   0.0
            +---------+---------+-------+---------+---------+-------
